 Dungeon Crawl Stone Soup version 0.25-a0-942-g87a53962fc (webtiles) character file.

Game seed: 17341472171817490133, levelgen mode: deterministic

4184 Flugslaktarn the Cleaver (level 10, -1/90 HPs)
             Began as a Minotaur Fighter on May 7, 2020.
             Was an Initiate of Gozag.
             Slain by an orc warrior
             ... wielding a +0 glaive
              (6 damage)
             ... on level 9 of the Dungeon.
             The game lasted 00:04:00 (8095 turns).

Flugslaktarn the Cleaver (Minotaur Fighter)         Turns: 8095, Time: 00:04:01

Health: -1/90      AC: 11    Str: 23    XL:     10   Next: 8%
Magic:  9/9        EV:  4    Int:  5    God:    Gozag
Gold:   763        SH:  0    Dex: 11    Spells: 9/9 levels left

rFire    . . .     SeeInvis +   a - +1 war axe
rCold    . . .     Gourm    .   c - +1 kite shield
rNeg     . . .     Faith    .   l - +0 chain mail
rPois    .         Spirit   .   (helmet restricted)
rElec    .         Reflect  .   f - scarf {cloud immunity}
rCorr    .         Harm     .   (no gloves)
MR       .....                  (no boots)
Stlth    ..........             (no amulet)
HPRegen  0.25/turn              i - ring of see invisible
MPRegen  0.11/turn              (no ring)

@: mighty, brilliant, marked, gold aura, held, hasted and slowed
A: retaliatory headbutt, horns 2
a: Potion Petition, Call Merchant, Bribe Branch, Renounce Religion


You were on level 9 of the Dungeon.
You worshipped Gozag.
Gozag was pleased with you.
You were not hungry.

You visited 2 branches of the dungeon, and saw 10 of its levels.
You also visited: Ossuary.

You collected 854 gold pieces.
You paid 91 gold pieces to Gozag.

Inventory:

Hand Weapons
 a - a +1 war axe (weapon)
Armour
 b - a +0 scale mail
 c - a +1 kite shield (worn)
 f - a scarf of cloud immunity (worn)
   (You found it on level 1 of the Dungeon)
 l - a +0 chain mail (worn)
   (You found it on level 2 of the Dungeon)
Jewellery
 i - a ring of see invisible (left hand)
   (You found it on level 2 of the Dungeon)
 k - an uncursed ring of wizardry {unknown}
   (You found it on level 7 of the Dungeon)
Wands
 n - a wand of paralysis (9)
   (You found it on level 3 of the Dungeon)
 v - a wand of digging (3)
   (You took it off Jessica on level 3 of the Dungeon)
 y - a wand of iceblast (4)
   (You found it on level 8 of the Dungeon)
Scrolls
 j - a scroll of enchant armour
 m - 3 scrolls of teleportation {unknown}
 p - a scroll of magic mapping
 r - 2 scrolls of identify
 s - 2 scrolls of immolation
 u - a scroll of vulnerability {unknown}
 x - 6 scrolls of remove curse
Potions
 d - a potion of might
 g - 3 potions of mutation
 h - a potion of haste
 o - a potion of lignification {unknown}
 q - 2 potions of curing
 t - a potion of invisibility {unknown}
 w - a potion of ambrosia {unknown}
 z - a potion of heal wounds {unknown}
Comestibles
 e - 14 rations


   Skills:
 + Level 8.7 Fighting
 * Level 11.2 Axes
 + Level 8.6 Armour
 + Level 8.7 Shields


You had 9 spell levels left.
You didn't know any spells.
Your spell library was empty.

Dungeon Overview and Level Annotations

Branches:
Dungeon (9/15)             Temple (1/1) D:7         Ossuary (visited)
   Lair: D:8-11         Orc: D:9-12

Altars:
Ashenzari
Cheibriados
Dithmenos
Elyvilon
Fedhas
Gozag
Kikubaaqudgha
Makhleb
Nemelex Xobeh
Qazlal
Ru
Sif Muna
Vehumet
Wu Jian
Xom
Yredelemnul
Zin

Annotations:
D:9 1 transporter, Erolcha, Harold


Innate Abilities, Weirdness & Mutations

You reflexively headbutt those who attack you in melee.
You have a pair of horns on your head.


Message History

[a] - 0 gold - haste and heal wounds [b] - 0 gold - haste, flight and heal wounds [c] - 0 gold - haste, heal wounds, might and brilliance Purchase which effect?
You feel as though your hastened speed will last longer.
You feel much better.
You feel very mighty all of a sudden.
You feel clever all of a sudden.
The unseen horror is no longer distracted by gold.
The howler monkey is no longer distracted by gold.
Erolcha hits you with a +0 giant spiked club!!
* * * LOW HITPOINT WARNING * * *
The howler monkey becomes distracted by the nearby gold, dreaming of imaginary riches.
The orc wizard mumbles some strange words.
The orc wizard blinks!
The deep elf mage becomes distracted by the nearby gold, dreaming of imaginary riches.
Harold hits you with a +0 scimitar.
* * * LOW HITPOINT WARNING * * *
The orc warrior hits you from afar with a +0 glaive.
You die...
Your body crumbles into a pile of gold.

$................ .#####
#.##)...#.#.....
.....##o##....#.#.....
.............#+...... #
...##.###.#.....# #. #.
..##....)#.....# #. ..
§.#.....#.....#+#. $
.####o#$#.......#+......
.....h@@#.......#.##....
......##O.......#. ##...
.#### #...####..#.###..#
...©... ...#......#
.#########...#.##....
#[##8?:xs$8##..####..##
#.#.!$$=$$..#........./
#(#..#...#e.#..####..##
#.#.#.....#.#.....<..##


You could see Harold, a wolf spider (unaware), Erolcha, a deep elf mage
(unaware), an unseen horror (invisible), an orc warrior and a howler monkey
(unaware).

Vanquished Creatures
  An unseen horror (D:8)
  A hippogriff (D:7)
  Grum (D:8)
  3 phantoms
  A sky beast (D:5)
  An ogre (D:4)
  An eye of draining (D:8)
  3 wolves (D:8)
  2 centaurs (D:7)
  2 elf zombies (Ossuary)
  5 bullfrogs
  A water moccasin zombie (D:7)
  4 scorpions
  4 killer bees
  3 howler monkeys
  2 centaur zombies (Ossuary)
  4 crimson imps
  6 orc priests
  A bullfrog skeleton (D:6)
  A hound (D:6)
  2 human zombies (Ossuary)
  5 orc wizards
  A gnoll shaman (D:6)
  2 jellies (D:7)
  A centaur skeleton (D:6)
  Jessica (D:3)
  Natasha (thrice) (D:3)
  4 worker ants
  Terence (D:3)
  A hound zombie (Ossuary)
  3 mummies (Ossuary)
  Robin (D:3)
  8 adders
  8 gnolls
  A shadow imp (D:9)
  2 oozes
  An adder zombie (Ossuary)
  2 adder skeletons
  3 worms
  2 dart slugs
  4 leopard geckos
  25 orcs
  3 bat zombies (D:8)
  7 giant cockroaches
  15 hobgoblins
  16 jackals
  3 quokkas
  3 ball pythons
  3 bats
  A frilled lizard (D:1)
  2 gnoll zombies (Ossuary)
  18 goblins
  3 goblin zombies (Ossuary)
  2 hobgoblin zombies (Ossuary)
  3 jackal zombies (Ossuary)
  11 kobolds
  4 kobold zombies (Ossuary)
  An orc zombie (Ossuary)
  3 quokka zombies (Ossuary)
  8 rats
  7 rat zombies (Ossuary)
241 creatures vanquished.

Notes
Turn   | Place    | Note
-------+----------+-------------------------------------------
     0 | D:1      | Flugslaktarn the Minotaur Fighter began the quest for the
                  | Orb.
     0 | D:1      | Reached XP level 1. HP: 19/19 MP: 0/0
   167 | D:1      | Reached XP level 2. HP: 24/27 MP: 1/1
   411 | D:1      | Reached skill level 3 in Axes
  1123 | D:2      | Reached XP level 3. HP: 33/33 MP: 2/2
  1427 | D:2      | Reached XP level 4. HP: 39/40 MP: 3/3
  1679 | D:2      | Found a shadowy altar of Dithmenos.
  1680 | D:2      | Found a burning altar of Makhleb.
  1684 | D:2      | Found a sacrificial altar of Ru.
  1685 | D:2      | Found an ornate altar of the Wu Jian Council.
  1713 | D:2      | Reached skill level 4 in Axes
  1927 | D:3      | Noticed Terence
  1936 | D:3      | Killed Terence
  1936 | D:3      | Reached XP level 5. HP: 40/47 MP: 4/4
  2276 | D:3      | Noticed Natasha
  2289 | D:3      | Killed Natasha
  2357 | D:3      | Noticed Natasha
  2366 | D:3      | Killed Natasha
  2366 | D:3      | Reached skill level 5 in Axes
  2375 | D:3      | Reached XP level 6. HP: 27/55 MP: 5/5
  2570 | D:3      | Noticed Natasha
  2575 | D:3      | Killed Natasha
  2619 | D:3      | Reached skill level 5 in Shields
  2658 | D:3      | Noticed Jessica
  2666 | D:3      | Killed Jessica
  2707 | D:3      | Reached skill level 5 in Fighting
  2707 | D:3      | Noticed Robin
  2714 | D:3      | Reached skill level 5 in Armour
  2722 | D:3      | Killed Robin
  2966 | D:4      | Reached skill level 6 in Axes
  3152 | D:4      | Found a snail-covered altar of Cheibriados.
  3226 | D:4      | Reached XP level 7. HP: 57/61 MP: 6/6
  3725 | D:5      | Entered Level 5 of the Dungeon
  3821 | D:5      | Reached skill level 7 in Axes
  4197 | D:5      | Reached XP level 8. HP: 53/70 MP: 7/7
  4653 | D:6      | Found a blossoming altar of Fedhas.
  5030 | D:6      | Reached skill level 8 in Axes
  5158 | D:6      | Found a shimmering blue altar of Sif Muna.
  5340 | D:6      | HP: 3/71 [killer bee (3)]
  5347 | D:6      | HP: 3/71 [killer bee (6)]
  5695 | D:7      | Reached skill level 9 in Axes
  6030 | D:7      | Found a staircase to the Ecumenical Temple.
  6050 | Temple   | Entered the Ecumenical Temple
  6204 | Temple   | Became a worshipper of Gozag Ym Sagoz the Greedy
  6333 | D:7      | Reached XP level 9. HP: 75/79 MP: 8/8
  6853 | D:8      | Found a sand-covered staircase.
  6859 | Ossuary  | Entered an ossuary
  6967 | Ossuary  | Reached skill level 10 in Axes
  7655 | D:8      | Noticed an unseen horror
  7668 | D:8      | Killed an unseen horror
  7718 | D:8      | Found an ancient bone altar of Kikubaaqudgha.
  7740 | D:8      | Noticed Grum
  7752 | D:8      | Reached skill level 11 in Axes
  7758 | D:8      | Reached XP level 10. HP: 33/90 MP: 9/9
  7761 | D:8      | Killed Grum
  8028 | D:9      | Noticed a deep elf mage
  8028 | D:9      | Noticed a tengu warrior
  8030 | D:9      | Noticed a guardian serpent
  8032 | D:9      | Noticed an unseen horror
  8036 | D:9      | Noticed a wolf spider
  8076 | D:9      | Found a transporter.
  8079 | D:9      | Noticed Erolcha
  8086 | D:9      | Noticed Harold
  8088 | D:9      | Noticed a glowing orange brain
  8095 | D:9      | Slain by an orc warrior

Levels and vault maps discovered:
D:1:      tarquinn_simple_flora_water_d, layout_loops_corners, st_stairs_8
D:2:      layout_loops_ring, minitemple
D:3:      layout_rooms, uniq_terence, uniq_natasha, uniq_jessica, uniq_robin
D:4:      layout_rooms, kennysheep_slug_shrine, kennysheep_generic_room_4
D:5:      layout_loops_ring, first_ration
D:6:      layout_cave_pools, lemuel_crystal_altar, tgw_sif
D:7:      layout_cave_pools, minmay_temple_entry_proselytizer
D:8:      layout_basic, lemuel_zombie_altar_kikubaaqudgha, enter_ossuary_5,
          uniq_grum
D:9:      gammafunk_sealed_arena, layout_basic, kennysheep_mini_moat,
          basic_altar, the_bakery, uniq_harold, uniq_erolcha, uniq_erica
Temple:   jpeg_temple_clearing

Skill      XL: |  1  2  3  4  5  6  7  8  9 |
---------------+----------------------------+-----
Axes           | 3 4 5 6 7 9 11 | 11.2
Shields        | 4 5 6 7 8 |  8.7
Armour         | 4 5 6 7 8 |  8.6
Fighting       | 4 5 6 7 8 |  8.7

Action                   |  1- 3 |  4- 6 |  7- 9 | 10-12 || total
-------------------------+-------+-------+-------+-------++-------
Melee: War axe           |    81 |   177 |   343 |    19 ||   620
       Headbutt          |     6 |    31 |    69 |     3 ||   109
       Unarmed           |       |       |     5 |       ||     5
Invok: Potion Petition   |       |       |       |     1 ||     1
  Use: Scroll            |       |       |    11 |       ||    11
       Potion            |       |       |     4 |     1 ||     5
 Stab: Distracted        |       |       |     2 |       ||     2
  Eat: Chunk             |     2 |     6 |     6 |       ||    14
       Ration            |       |       |     2 |     1 ||     3
Armor: Scale mail        |    16 |       |       |       ||    16
       Chain mail        |    28 |    91 |   161 |     7 ||   287
       Skin              |       |       |    29 |       ||    29
Dodge: Dodged            |    21 |    41 |    94 |     7 ||   163
Block: Kite shield       |    35 |    95 |   233 |    17 ||   380

Table legend:
 A = Non-vault XP
 B = Vault XP
 C = Vault XP percentage of total XP
 D = Non-vault monster count
 E = Vault monster count
 F = Vault count percentage of total count
                 A         B        C        D         E       F
            +---------+---------+-------+---------+---------+-------
      Total |    4680 |    1298 |  21.7 |     177 |      64 |  26.6
            +---------+---------+-------+---------+---------+-------
        D:1 |      28 |       4 |  12.5 |      18 |       3 |  14.3
        D:2 |      86 |       0 |   0.0 |      26 |       0 |   0.0
        D:3 |     327 |     142 |  30.3 |      44 |      15 |  25.4
        D:4 |     445 |      71 |  13.8 |      15 |       2 |  11.8
        D:5 |     377 |       0 |   0.0 |      11 |       0 |   0.0
        D:6 |     607 |       0 |   0.0 |      16 |       0 |   0.0
        D:7 |    1249 |      43 |   3.3 |      27 |       1 |   3.6
        D:8 |    1313 |     553 |  29.6 |      13 |       7 |  35.0
        D:9 |     248 |       0 |   0.0 |       7 |       0 |   0.0
    Ossuary |       0 |     485 | 100.0 |       0 |      36 | 100.0
            +---------+---------+-------+---------+---------+-------
